 Dungeon Crawl Stone Soup version 0.32-a0-705-g60f233581c (webtiles) character file.

Game seed: 12568849792828936649

20013 SageDae the Bludgeoner (level 12, -12/101 (106) HPs)
             Began as a Mountain Dwarf Fighter on Mar 14, 2024.
             Was a Priest of the Shining One.
             Mangled by a +1 vampiric demon trident (17 damage)
             ... on level 12 of the Dungeon.
             The game lasted 00:21:18 (12346 turns).

SageDae the Bludgeoner (Mountain Dwarf Fighter)    Turns: 12346, Time: 00:21:20

HP:   -12/101 (106) AC: 10    Str: 24    XL:     12   Next: 41%
MP:   5/7           EV:  9    Int: 12    God:    the Shining One [***...]
Gold: 379           SH: 19    Dex: 19    Spells: 5/11 levels left

rFire   . . .        a - +4 eveningstar (antimagic)
rCold   + . .        c - +1 buckler
rNeg    + . .        s - +1 ring mail of Roar {+Inv Fly Dex+4 Slay+2}
rPois   .            i - +0 helmet
rElec   .            (no cloak)
rCorr   .            x - +0 pair of gloves {Str+3}
SInv    .            (no boots)
Will    +....        u - amulet of regeneration
Stlth   +            C - ring of Nautry {+Blink rC+ Dex+6}
HPRegen 1.16/turn    r - +4 ring of slaying
MPRegen 0.10/turn

%: no passive effects
@: divinely shielded, flying, glowing, studying Shields, lightly drained
A: runic magic, artefact enchanting
a: Renounce Religion, Evoke Blink, Evoke Invisibility, Divine Shield, Cleansing
Flame


You were on level 12 of the Dungeon.
You worshipped the Shining One.
The Shining One was most pleased with you.
You visited 2 branches of the dungeon, and saw 13 of its levels.

You collected 991 gold pieces.
You spent 612 gold pieces at shops.

Inventory:

Hand Weapons
 a - a +4 antimagic eveningstar (weapon)
 w - a +2 longbow of flaming
 H - a +3 flail of holy wrath
 K - a +0 broad axe
Missiles
 B - a throwing net (quivered)
Armour
 c - a +1 buckler (worn)
 d - the +0 chain mail of Fifubuha {rPois Int+2}
   (You took it off an orc warrior on level 5 of the Dungeon)

   Int+2:     It affects your intelligence (+2).
   rPois:     It protects you from poison.
 i - a +0 helmet (worn)
 s - the +1 ring mail of Roar (worn) {+Inv Fly Dex+4 Slay+2}
   (You found it on level 4 of the Dungeon)

   Dex+4:     It affects your dexterity (+4).
   Slay+2:    It affects your accuracy & damage with ranged weapons and melee
   (+2).
   +Inv:      It lets you turn invisible.
   Fly:       It grants you flight.
 x - a +0 pair of gloves of strength (worn)
 G - a +0 tower shield
Jewellery
 b - a +5 ring of evasion
 o - a ring of willpower
 r - a +4 ring of slaying (right hand)
 u - an amulet of regeneration (around neck)
 y - an amulet of the acrobat
 C - the ring of Nautry (left hand) {+Blink rC+ Dex+6}
   (You found it on level 6 of the Dungeon)

   [ring of dexterity]

   Dex+6:     It affects your dexterity (+6).
   rC+:       It protects you from cold.
   +Blink:    It lets you blink.
 P - a ring of wizardry
 Q - an amulet of magic regeneration
Wands
 n - a wand of roots (15)
 p - a wand of polymorph (2)
 J - a wand of flame (5)
 O - a wand of charming (6)
Scrolls
 e - 3 scrolls of teleportation
 t - 3 scrolls of fear
 A - 2 scrolls of revelation
 D - a scroll of poison
 E - 4 scrolls of immolation
 F - 9 scrolls of identify
 I - 2 scrolls of enchant armour
 L - 2 scrolls of enchant weapon
 M - 2 scrolls of fog
 R - a scroll of summoning
Potions
 f - 3 potions of berserk rage
 g - a potion of attraction
 h - 3 potions of enlightenment
 j - 5 potions of curing
 k - a potion of resistance
 l - a potion of mutation
 m - a potion of heal wounds
 q - 3 potions of haste
 v - 2 potions of cancellation
 z - 2 potions of lignification
 N - a potion of brilliance {unknown}


   Skills:
 - Level 10.0 Fighting
 - Level 16.0 Maces & Flails
 * Level 8.3 Armour
 - Level 10.0 Shields
 + Level 12.8 Invocations


You had 5 spell levels left.
You knew the following spells:

 Your Spells              Type           Power      Damage    Failure   Level
a - Starburst             Conj/Fire      0%         6d3       100%        6

Your spell library contained the following spells:

 Spells                   Type           Power      Damage    Failure   Level
 Apportation              Tloc           0%         N/A       38%         1
 Foxfire                  Conj/Fire      0%         2x1d4     38%         1
 Magic Dart               Conj           0%         1d3       38%         1
 Blink                    Tloc           0%         N/A       52%         2
 Ensorcelled Hibernation  Hex/Ice        0%         N/A       52%         2
 Jinxbite                 Hex            0%         N/A       52%         2
 Lesser Beckoning         Tloc           0%         N/A       52%         2
 Momentum Strike          Conj/Tloc      0%         3d8       52%         2
 Searing Ray              Conj           0%         2d4       52%         2
 Fugue of the Fallen      Necr           0%         N/A       77%         3
 Ozocubu's Armour         Ice            0%         N/A       77%         3
 Passwall                 Erth           0%         N/A       77%         3
 Swiftness                Air            0%         N/A       77%         3
 Animate Armour           Summ/Erth      0%         N/A       99%         4
 Fulminant Prism          Conj/Alch      0%         3d5       99%         4
 Manifold Assault         Tloc           0%         N/A       99%         4
 Summon Lightning Spire   Summ/Air       0%         N/A       99%         4
 Alistair's Intoxication  Alch           0%         N/A       100%        5
 Lee's Rapid Deconstruct  Erth           0%         3d4*      100%        5
 Summon Forest            Summ/Tloc      0%         N/A       100%        5
 Eringya's Noxious Bog    Alch           0%         4d6       100%        6
 Plasma Beam              Fire/Air       0%         2x1d10    100%        6
 Summon Hydra             Summ           0%         N/A       100%        7


Dungeon Overview and Level Annotations

Branches:
Dungeon (12/15)            Temple (1/1) D:6            Lair (0/5) D:10
    Orc (0/2) D:10

Altars:
Ashenzari
Cheibriados
Dithmenos
Elyvilon
Fedhas
Gozag
Hepliaklqana
Kikubaaqudgha
Makhleb
Nemelex Xobeh
Okawaru
Qazlal
Ru
Sif Muna
Trog
Uskayaw
Vehumet
Wu Jian
Xom
Yredelemnul
Zin
The Shining One
Beogh

Shops:
D:8 [*(:


Innate Abilities, Weirdness & Mutations

Your spellcasting is much less encumbered by armour.
You can use scrolls of enchantment on lesser artefacts.


Message History

You block the +1 vampiric demon trident's attack.
The +0 demon whip of pain hits you.
You hit the +0 demon whip of pain but do no damage.
The +0 demon whip of pain is moderately damaged.
You block the +0 demon whip of pain's attack.
You block the +1 vampiric demon trident's attack.
You closely miss the +0 demon whip of pain.
The +0 demon whip of pain is moderately damaged.
The +0 demon whip of pain hits you but does no damage.
The +1 vampiric demon trident closely misses you.
You block the +0 demon whip of pain's attack.
The +1 vampiric demon trident closely misses you.
You sock the +0 demon whip of pain!
The +0 demon whip of pain is severely damaged.
The +0 demon whip of pain hits you!
You block the +1 vampiric demon trident's attack.
You bludgeon the +0 demon whip of pain!!
The +0 demon whip of pain falls from the air.
You block the +1 vampiric demon trident's attack.
The +1 demon blade of draining hits you but does no damage.
You partially resist.
You hit the +1 demon blade of draining.
The +1 demon blade of draining is lightly damaged.
The +1 vampiric demon trident hits you from afar!!
You block the +1 demon blade of draining's attack.
You closely miss the +1 demon blade of draining.
The +1 demon blade of draining is lightly damaged.
You block the +1 vampiric demon trident's attack.
The +1 demon blade of draining hits you!!
* * * LOW HITPOINT WARNING * * *
You partially resist.
You feel drained.
* * * LOW HITPOINT WARNING * * *
You block the +1 vampiric demon trident's attack.
You feel much better.
The +1 demon blade of draining hits you!!
* * * LOW HITPOINT WARNING * * *
You partially resist.
You feel drained.
* * * LOW HITPOINT WARNING * * *
The +1 vampiric demon trident hits you from afar!
You die...

##.###.....# #####
#..# ##....#.......#
##.## ##...#.......#
##..# ###.#...⌠...#
#...# ###.......#
...## #.......# ....##
####..(..# ##...##
#.####(### ####..##
##....@...## # ##..##
#..........# #
##..###..........# ###
#
##.(##..........####.#
##
###.................#
.# ##..........#...###
.# ###.#........#####
## ##..#####.#####
#.#.# ###


You could see 2 dancing weapons.

Vanquished Creatures
  The ghost of GreenGuy14 the Cleaver, a journeyman CoGl of Nemelex Xobeh (D:10)
  A dancing weapon (D:12)
  5 two-headed ogres
  A tengu warrior (D:10)
  An orc knight (D:10)
  A deep elf pyromancer (D:9)
  A manticore (D:11)
  The ghost of smashvw the Ducker, a novice DjFE of Makhleb (D:5)
  8 slime creatures (D:12)
  3 cyclopes (D:12)
  An elephant (D:10)
  2 unseen horrors (D:12)
  2 kobold demonologists (D:12)
  A tengu conjurer (D:10)
  3 trolls
  Grinder (D:3)
  2 wraiths
  2 basilisks
  2 wyverns
  6 yaks (D:8)
  5 vampire mosquitoes
  Menkaure (D:3)
  2 water moccasins
  5 acid dragons
  7 orc warriors
  2 sky beasts
  2 black bears
  3 ice beasts
  2 ogres
  8 centaurs
  2 phantoms (D:3)
  Blork the orc (D:5)
  6 kobold brigands
  5 bullfrogs
  A gnoll sergeant (D:7)
  4 wights (D:7)
  3 killer bees
  4 electric eels (D:10)
  4 howler monkeys
  5 bombardier beetles
  11 orc priests
  3 hounds
  2 gnoll boudas
  Jessica (D:3)
  2 sleepcaps
  Terence (D:3)
  Ijyb (D:3)
  8 iguanas
  11 orc wizards
  A hound zombie (D:3)
  A mummy (D:3)
  12 gnolls
  7 adders
  A white imp (D:7)
  2 ufetubi (D:6)
  2 adder skeletons (D:3)
  3 dart slugs
  3 ribbon worms
  45 orcs
  2 bats
  6 endoplasms
  7 giant cockroaches
  8 goblins
  9 hobgoblins
  2 jackals (D:2)
  24 kobolds
  8 quokkas
  9 ball pythons
  3 frilled lizards
  5 rats
317 creatures vanquished.

Notes
Turn   | Place    | Note
-------+----------+-------------------------------------------
     0 | D:1      | SageDae the Mountain Dwarf Fighter began the quest for the
                  | Orb.
     0 | D:1      | Reached XP level 1. HP: 19/19 MP: 1/1
   132 | D:1      | Reached skill level 3 in Maces & Flails
   246 | D:1      | Reached XP level 2. HP: 26/26 MP: 2/2
   701 | D:2      | Reached XP level 3. HP: 32/33 MP: 3/3
   736 | D:2      | Found a faded altar of an unknown god.
   780 | D:2      | Reached skill level 4 in Maces & Flails
  1136 | D:2      | Reached XP level 4. HP: 32/40 MP: 4/4
  1542 | D:2      | Reached skill level 5 in Maces & Flails
  1674 | D:3      | Reached XP level 5. HP: 28/47 MP: 5/5
  1881 | D:3      | Noticed Ijyb
  1881 | D:3      | Noticed Grinder
  1890 | D:3      | Noticed Terence
  2089 | D:3      | Paralysed by Grinder for 4 turns
  2097 | D:3      | Killed Grinder
  2098 | D:3      | Reached skill level 5 in Fighting
  2098 | D:3      | Reached skill level 6 in Maces & Flails
  2098 | D:3      | Reached XP level 6. HP: 29/56 MP: 6/6
  2116 | D:3      | Reached skill level 7 in Maces & Flails
  2389 | D:3      | Found a basalt altar of Yredelemnul.
  2392 | D:3      | Noticed Menkaure
  2394 | D:3      | Found a transporter.
  2405 | D:3      | Found a transporter.
  2471 | D:3      | Noticed Jessica
  2478 | D:3      | Killed Jessica
  2479 | D:3      | Found an ancient bone altar of Kikubaaqudgha.
  2527 | D:3      | Killed Terence
  2674 | D:3      | Killed Ijyb
  2745 | D:3      | Reached XP level 7. HP: 58/61 MP: 7/7
  3306 | D:4      | Reached skill level 8 in Maces & Flails
  3306 | D:4      | Reached skill level 5 in Shields
  3470 | D:4      | Identified the +0 ring mail of Roar {+Inv Fly Dex+4 Slay+2}
  3648 | D:5      | Entered Level 5 of the Dungeon
  3830 | D:5      | Reached skill level 9 in Maces & Flails
  3864 | D:5      | Reached XP level 8. HP: 20/69 MP: 8/8
  3866 | D:5      | Noticed Blork the orc
  3875 | D:5      | HP: 1/69 [Blork the orc/puff of frost (8)]
  4091 | D:5      | Killed Blork the orc
  4302 | D:5      | Found a runed translucent gate.
  4303 | D:5      | Found a runed translucent gate.
  4388 | D:5      | Found a runed translucent gate.
  4392 | D:5      | Identified the +0 chain mail of Fifubuha {rPois Int+2}
  4393 | D:5      | Noticed smashvw's ghost (novice DjFE)
  4426 | D:5      | Found a hide-covered altar of Uskayaw.
  4426 | D:5      | Found a glowing golden altar of the Shining One.
  4528 | D:5      | Found a roughly hewn altar of Beogh.
  4572 | D:5      | Reached skill level 10 in Maces & Flails
  4577 | D:5      | Killed smashvw's ghost
  4578 | D:5      | Reached skill level 11 in Maces & Flails
  4996 | D:6      | Found a staircase to the Ecumenical Temple.
  5008 | Temple   | Entered the Ecumenical Temple
  5011 | Temple   | Reached XP level 9. HP: 74/74 MP: 9/9
  5191 | D:5      | Became a worshipper of the Shining One
  5329 | D:3      | Killed Menkaure
  5330 | D:3      | Reached skill level 12 in Maces & Flails
  5576 | D:6      | Reached skill level 10 in Shields
  5657 | D:6      | Found an opulent altar of Gozag.
  5827 | D:6      | Identified the ring of Nautry {+Blink rC+ Dex+6}
  6003 | D:7      | Reached skill level 13 in Maces & Flails
  6017 | D:7      | Reached * piety under the Shining One
  6238 | D:7      | Reached skill level 14 in Maces & Flails
  6348 | D:7      | Reached XP level 10. HP: 79/81 MP: 10/10
  6536 | D:7      | Reached skill level 15 in Maces & Flails
  6595 | D:7      | Found a sacrificial altar of Ru.
  6828 | D:8      | Found Hoif Wickoi's Antique Weapon Shoppe.
  6829 | D:8      | Noticed a two-headed ogre
  6844 | D:8      | Killed a two-headed ogre
  6910 | D:8      | Found Sagegen's Armour Shoppe.
  6910 | D:8      | Found Ecirun's Magic Scroll Shoppe.
  6914 | D:8      | Found Gubim's General Store.
  6917 | D:8      | Reached ** piety under the Shining One
  7080 | D:8      | Found Juic's Book Boutique.
  7588 | D:9      | Noticed a two-headed ogre
  7596 | D:9      | Killed a two-headed ogre
  7597 | D:9      | Reached skill level 16 in Maces & Flails
  7732 | D:9      | Found a hazy altar of Hepliaklqana.
  7823 | D:8      | Bought a glowing eveningstar for 612 gold pieces
  7911 | D:8      | Reached skill level 1 in Invocations
  8417 | D:9      | Noticed a deep elf pyromancer
  8423 | D:9      | Killed a deep elf pyromancer
  8424 | D:9      | Reached XP level 11. HP: 95/97 MP: 4/13
  8655 | D:10     | Entered Level 10 of the Dungeon
  8998 | D:10     | Noticed a two-headed ogre
  9003 | D:10     | Killed a two-headed ogre
  9004 | D:10     | Reached skill level 5 in Invocations
  9280 | D:10     | Reached skill level 10 in Fighting
  9302 | D:10     | Noticed a tengu warrior
  9315 | D:10     | Killed a tengu warrior
  9452 | D:10     | Found a staircase to the Lair.
  9541 | D:10     | Found a runed translucent door.
  9541 | D:10     | Noticed GreenGuy14's ghost (journeyman CoGl)
  9724 | D:10     | Found a bloodstained altar of Trog.
  9782 | D:10     | Noticed an orc knight
  9793 | D:10     | Killed an orc knight
  9819 | D:10     | Found a staircase to the Orcish Mines.
  9878 | D:10     | Killed GreenGuy14's ghost
  9992 | D:11     | Noticed a two-headed ogre
 10004 | D:11     | Reached skill level 10 in Invocations
 10009 | D:11     | Killed a two-headed ogre
 10461 | D:11     | Learned a level 6 spell: Starburst
 11121 | D:12     | Reached skill level 5 in Armour
 11151 | D:12     | Reached XP level 12. HP: 100/106 MP: 6/20
 11221 | D:12     | Reached *** piety under the Shining One
 11231 | D:12     | Noticed a two-headed ogre
 11236 | D:12     | Killed a two-headed ogre
 12239 | D:12     | Found a runed translucent door.
 12346 | D:12     | HP: 5/101 [+1 demon blade of draining (3)]
 12346 | D:12     | Mangled by a +1 vampiric demon trident

Illustrated notes

Levels and vault maps discovered:
D:1:      minmay_arrival_stone_box, layout_loops_ring
D:2:      layout_loops_ring, ebering_ecumenical_altar_box,
          kennysheep_generic_room_7
D:3:      layout_loops_ring, gammafunk_temple_of_torment, uniq_jessica,
          uniq_terence, uniq_grinder, uniq_ijyb
D:4:      layout_cave_pools
D:5:      layout_rooms, mainiacjoe_overflow_divided_tiny,
          biasface_ghost_orc_armoury, uniq_blork_the_orc
D:6:      layout_basic, mainiacjoe_overflow_alcove_4,
          minmay_temple_entry_large_hall
D:7:      hangedman_cross_stitches, layout_cave_pools, lemuel_round_altar,
          minmay_fountain_box, dk_rats_in_the_wall
D:8:      layout_cave_pools, serial_shops, nicolae_square_shop,
          minmay_shop_grid_forest, grunt_decor_arrowhead
D:9:      layout_grid_maze, mainiacjoe_overflow_alcove_1,
          guppyfry_early_elven_hall
D:10:     layout_rooms, kennysheep_mini_moat, david_lair_generic, erik_orc_2,
          hellmonk_ghost_happy_afterlife
D:11:     layout_basic
D:12:     layout_layer_cave, nicolae_danse_macabre
Temple:   eino_temple_water

Skill      XL: |  1  2  3  4  5  6  7  8  9 10 11 12 |
---------------+-------------------------------------+-----
Maces & Flails | 3 4 5 6 7 9 11 14 16 | 16.0
Fighting       | 4 5 9 10 | 10.0
Shields        | 4 6 9 10 | 10.0
Invocations    | 3 11 12 | 12.8
Armour         | 5 8 |  8.3

Action                     |  1- 3 |  4- 6 |  7- 9 | 10-12 || total
---------------------------+-------+-------+-------+-------++-------
  Melee: Flail             |   128 |   128 |   295 |    84 ||   635
         Eveningstar       |       |       |       |   288 ||   288
 Invoke: Divine Shield     |       |       |       |     4 ||     4
    Use: Scroll            |     4 |     5 |    10 |     7 ||    26
         Potion            |       |       |     2 |     1 ||     3
 Armour: Scale mail        |    91 |    88 |    54 |       ||   233
         Ring mail         |       |       |   127 |   255 ||   382
  Dodge: Dodged            |    55 |    40 |   134 |    99 ||   328
  Block: Buckler           |    23 |    27 |    98 |   152 ||   300

Table legend: (Time is in decaauts)
 A = Elapsed time spent in this place.
 B = Non-inter-level travel time spent in this place.
 C = Inter-level travel time spent in this place.
 D = Time resting spent in this place.
 E = Time spent auto-exploring this place.
 F = Levels seen in this place.
 G = Mean time per level.
                   A        B        C        D        E       F      G
               +--------+--------+--------+--------+--------+-----+--------+
         Total |  12288 |  11774 |    514 |   3216 |   6239 |  13 |  945.2 |
       Dungeon |  12146 |  11664 |    482 |   3116 |   6239 |  12 | 1012.2 |
        Temple |    141 |    109 |     32 |    100 |      0 |   1 |  141.0 |
               +--------+--------+--------+--------+--------+-----+--------+

Top non-repeatable levels by time:
    D:12: 1403 daAuts
     D:3: 1336 daAuts
     D:9: 1236 daAuts
     D:2: 1083 daAuts
     D:5: 977 daAuts
     D:4: 975 daAuts
    D:11: 973 daAuts
    D:10: 949 daAuts
     D:8: 897 daAuts
     D:6: 875 daAuts
     D:7: 740 daAuts
     D:1: 696 daAuts
  Temple: 141 daAuts
